 Dungeon Crawl Stone Soup version 0.28.0-1-gb440e238dd (webtiles) character file.

Game seed: 4310818906384322438

732 themarg the Skirmisher (level 7, -1/63 HPs)
             Began as a Minotaur Berserker on Feb 28, 2022.
             Was an Elder of Trog.
             Slain by a sky beast (6 damage)
             ... on level 6 of the Dungeon.
             The game lasted 00:13:28 (4467 turns).

themarg the Skirmisher (Minotaur Berserker)         Turns: 4467, Time: 00:13:29

Health: -1/63      AC:  9    Str: 24    XL:     7   Next: 45%
Magic:  6/6        EV: 12    Int:  4    God:    Trog [****..]
Gold:   116        SH:  0    Dex:  9    Spells: 6/6 levels left

rFire   . . .      SeeInvis .   q - +1 hand axe (flame)
rCold   . . .      Faith    .   (no shield)
rNeg    . . .      Spirit   .   r - +0 ring mail
rPois   .          Reflect  .   (helmet restricted)
rElec   .          Harm     .   o - +0 cloak
rCorr   .          Rampage  .   x - +0 pair of gloves
Will    .....                   k - +0 pair of boots
Stlth   ..........              (no amulet)
HPRegen 0.20/turn               (no ring)
MPRegen 0.10/turn               (no ring)

@: no status effects
A: horns 2, retaliatory headbutt
a: Renounce Religion, Berserk, Trog's Hand, Brothers in Arms


You were on level 6 of the Dungeon.
You worshipped Trog.
Trog was greatly pleased with you.
You visited 1 branch of the dungeon, and saw 5 of its levels.

You collected 116 gold pieces.

Inventory:

Hand Weapons
 a - a +0 hand axe
 q - a +1 hand axe of flaming (weapon)
Missiles
 d - 183 stones (quivered)
 l - 5 atropa-tipped darts
Armour
 b - a +0 animal skin
 e - a +0 robe
 j - the +0 ring mail of the Endless Expanse {Str-3 Dex+6}
   (You found it on level 2 of the Dungeon)

   Str:       It affects your strength (-3).
   Dex:       It affects your dexterity (+6).
 k - a +0 pair of boots (worn)
 o - a +0 cloak (worn)
 r - a +0 ring mail (worn)
 x - a +0 pair of gloves (worn)
Jewellery
 v - a ring of protection from cold
Wands
 n - a wand of digging (6)
 u - a wand of acid (8)
Scrolls
 c - 2 scrolls of teleportation
 g - 2 scrolls of amnesia {unknown}
 p - a scroll of fear {unknown}
 s - 2 scrolls of immolation
 t - a scroll of brand weapon {unknown}
Potions
 f - 2 potions of mutation
 h - a potion of might {unknown}
 m - a potion of lignification {unknown}
 w - a potion of brilliance {unknown}
 z - a potion of attraction {unknown}


   Skills:
 + Level 6.1 Fighting
 + Level 6.1 Axes
 + Level 5.4 Armour
 + Level 4.9 Dodging


You had 6 spell levels left.
You didn't know any spells.
Your spell library was empty.

Dungeon Overview and Level Annotations

Branches:
Dungeon (4/15)
 Temple: D:4-7

Altars:
Cheibriados
Fedhas
Qazlal
Trog


Innate Abilities, Weirdness & Mutations

You have a pair of horns on your head.
You reflexively headbutt those who attack you in melee.


Message History

You furiously retaliate!
You headbutt the adder. The ogre hits you with a +0 giant club!
The adder bites you but does no damage.
You barely miss the ogre. You headbutt the ogre.
The ogre is almost dead.
You closely miss the adder. The adder completely misses you.
You furiously retaliate!
You headbutt the adder!
You kill the adder!
Trog accepts your kill.
You can now call in reinforcements.
The ogre misses you. You furiously retaliate!
You headbutt the ogre. You hit the ogre. You burn the ogre.
You kill the ogre!
Trog accepts your kill.
Your Axes skill increases to level 6!
Things that are here:
a +0 giant club; an ogre corpse
Found 7 gold pieces.
You start resting.
You feel yourself speed up.
You start resting.
You hear the slow hiss of an avalanche of sand nearby.
You start resting.
A sky beast comes into view.
You recover from your berserk rage.
A sky beast is nearby!
Things that are here:
a +0 giant club; an ogre corpse You hit the sky beast.
You burn the sky beast. You headbutt the sky beast.
The sky beast is moderately wounded.
The sky beast flickers out of sight!
Deactivating autopickup; reactivate with Ctrl-A.
Something hits you. Something shocks you.
* * * LOW HITPOINT WARNING * * *
You miss something. Your headbutt misses something. Something hits you.
* * * LOW HITPOINT WARNING * * *
Something shocks you.
* * * LOW HITPOINT WARNING * * *
You miss something. Your headbutt misses something. Something hits you.
* * * LOW HITPOINT WARNING * * *
Something shocks you.
You die...

...### #.####
.....###.#######
...............#
.##........##..
##.............
##........#.....
#..........#####
#.......{..#
#.......@..#
#.......)..#
#..........#
##........##
#.........#
#............$
#...............
#..........#####
..........#


There were no monsters in sight!

Vanquished Creatures
  A sky beast (D:6)
  An ogre (D:6)
  A phantom (D:2)
  A scorpion (D:3)
  A water moccasin skeleton (D:4)
  Crazy Yiuf (D:2)
  2 jellies
  An orc priest (D:3)
  2 orc wizards
  A hound skeleton (D:4)
  A mummy (D:4)
  5 adders
  2 worms (D:2)
  2 dart slugs
  16 orcs
  8 ball pythons
  4 bats
  8 endoplasms
  2 giant cockroaches
  7 goblins
  9 hobgoblins
  12 jackals
  6 quokkas
  A frilled lizard (D:1)
  A hobgoblin zombie (D:4)
  9 kobolds
  A kobold zombie (D:4)
  2 orc zombies (D:4)
  3 rats
  A spectral kobold (D:1)
112 creatures vanquished.

Vanquished Creatures (others)
  3 fungi (D:2)
3 creatures vanquished.

Grand Total: 115 creatures vanquished

Notes
Turn   | Place    | Note
-------+----------+-------------------------------------------
     0 | D:1      | themarg the Minotaur Berserker began the quest for the Orb.
     0 | D:1      | Reached XP level 1. HP: 19/19 MP: 0/0
   334 | D:1      | Reached XP level 2. HP: 16/27 MP: 1/1
   840 | D:1      | Found a faded altar of an unknown god.
  1150 | D:1      | Reached XP level 3. HP: 33/33 MP: 2/2
  1223 | D:1      | Reached ** piety under Trog
  1741 | D:2      | Identified the +0 ring mail of the Endless Expanse {Str-3
                  | Dex+6}
  1922 | D:2      | Reached XP level 4. HP: 30/41 MP: 3/3
  2192 | D:2      | Noticed a phantom
  2203 | D:2      | Killed a phantom
  2204 | D:2      | Reached XP level 5. HP: 41/47 MP: 4/4
  2626 | D:2      | Found a runed translucent door.
  2627 | D:2      | Noticed Crazy Yiuf
  2633 | D:2      | Killed Crazy Yiuf
  2871 | D:3      | Reached skill level 5 in Fighting
  3163 | D:3      | Reached skill level 5 in Axes
  3163 | D:3      | Reached XP level 6. HP: 37/56 MP: 5/5
  3163 | D:3      | Reached *** piety under Trog
  3518 | D:3      | Found a blossoming altar of Fedhas.
  3519 | D:3      | Found a snail-covered altar of Cheibriados.
  4133 | D:4      | Found a stormy altar of Qazlal.
  4153 | D:4      | Found a bloodstained altar of Trog.
  4414 | D:4      | You fall into a shaft and drop 2 floors!
  4420 | D:6      | Reached skill level 5 in Armour
  4420 | D:6      | Reached XP level 7. HP: 62/62 MP: 6/6
  4443 | D:6      | Reached **** piety under Trog
  4467 | D:6      | Slain by a sky beast

Illustrated notes

Levels and vault maps discovered:
D:1:      amcnicky_arrival_abandoned_market, layout_loops_corners,
          dreamdust_ecumenical_altar_drowned_temple,
          chequers_serial_rivers_micro_b
D:2:      layout_rooms, uniq_crazy_yiuf_cottage
D:3:      layout_basic, gammafunk_temple_overflow_pools
D:4:      layout_cave_pools, mainiacjoe_overflow_large_starburst,
          serial_column_ruins, column_ruins_columns_corner,
          column_ruins_columns_dead_end, column_ruins_open_small,
          column_ruins_columns_corner, column_ruins_corridor_straight,
          minmay_mini_ossuary
D:6:      layout_rooms, gup_ossuary_entry_pyramid,
          nicolae_elevator_lobby_asterisk

Skill      XL: |  1  2  3  4  5  6  7 |
---------------+----------------------+-----
Axes           | 4 5 6 |  6.1
Fighting       | 4 5 6 |  6.1
Armour         | 3 4 5 |  5.4
Dodging        | 3 4 |  4.9

Action                   |  1- 3 |  4- 6 |  7- 9 || total
-------------------------+-------+-------+-------++-------
Melee: Hand axe          |    96 |   144 |    15 ||   255
       Headbutt          |    10 |    26 |     5 ||    41
       Punch             |       |     1 |       ||     1
Invok: Berserk           |       |     3 |       ||     3
  Use: Scroll            |       |     2 |     1 ||     3
Armor: Robe              |    18 |    16 |       ||    34
       Animal skin       |     1 |       |       ||     1
       Ring mail         |       |    34 |     4 ||    38
Dodge: Dodged            |    62 |    72 |     5 ||   139
